 Dungeon Crawl Stone Soup version 0.19.0-11-g3fc08b3 (webtiles) character file.

13037 tsouns the Severer (level 11, -8/102 HPs)
             Began as a Minotaur Abyssal Knight on Nov 8, 2016.
             Was a High Priest of Lugonu.
             Mangled by a komodo dragon (20 damage)
             ... on level 1 of the Lair of Beasts on Nov 9, 2016.
             The game lasted 00:30:57 (11432 turns).

tsouns the Severer (Minotaur Abyssal Knight)       Turns: 11432, Time: 00:30:58

Health: -8/102     AC: 21    Str: 16    XL:     11   Next: 70%
Magic:  14/14      EV:  6    Int:  9    God:    Lugonu [*****.]
Gold:   289        SH:  0    Dex: 14    Spells: 1 memorised, 8 levels left

rFire  . . .     SeeInvis .     I - +1 battleaxe
rCold  . . .     Gourm    .     r - +1 plate armour
rNeg   . . .     Faith    .     (shield currently unavailable)
rPois  .         Spirit   .     (helmet restricted)
rElec  .         Reflect  .     E - +0 cloak
rCorr  .         Harm     .     v - +0 pair of gloves
MR     +....                    l - +1 pair of boots
Stlth  ..........               (no amulet)
                                (no ring)
                                s - ring of protection from magic

@: no status effects
A: retaliatory headbutt, horns 2
a: Depart the Abyss, Bend Space, Banish, Corrupt, Enter the Abyss, Renounce
Religion


You were on level 1 of the Lair of Beasts.
You worshipped Lugonu.
Lugonu was extremely pleased with you.
You were not hungry.

You visited 2 branches of the dungeon, and saw 12 of its levels.
You visited the Abyss 1 time.

You collected 625 gold pieces.
You spent 336 gold pieces at shops.

Inventory:

Hand Weapons
 a - a +1 hand axe
 t - a +0 war axe
 x - a +3 broad axe
 I - a +1 battleaxe (weapon)
Missiles
 h - 22 tomahawks (quivered)
 q - 3 poisoned tomahawks
Armour
 l - a +1 pair of boots (worn)
 r - a +1 plate armour (worn)
 v - a +0 pair of gloves (worn)
 E - a +0 cloak (worn)
Jewellery
 s - a ring of protection from magic (left hand)
Wands
 m - a wand of paralysis (0/24)
 y - a wand of slowing (15/48)
 G - a wand of slowing (17/48)
 H - a wand of lightning (0/15)
 J - a wand of lightning (0/15)
 M - a wand of disintegration (5/24)
Scrolls
 i - 3 scrolls of magic mapping
 j - 10 scrolls of teleportation
 u - 4 scrolls of fear
 w - a scroll of remove curse
 F - a scroll of recharging
Potions
 b - a potion of degeneration
 e - 4 potions of curing
 g - 4 potions of resistance
 k - 2 potions of flight
 o - 2 potions of invisibility
 p - a potion of haste
 z - a potion of lignification
 A - a potion of ambrosia {unknown}
 B - a potion of brilliance {unknown}
 C - a potion of magic {unknown}
 D - 2 potions of heal wounds {unknown}
 K - a potion of cure mutation
 L - a potion of agility {unknown}
Comestibles
 c - 6 bread rations
 d - 4 slices of pizza
 f - 3 fruits
 n - 8 meat rations
 N - a chunk of flesh


   Skills:
 - Level 11.3 Fighting
 + Level 15.2 Axes
 - Level 10.3 Armour
 - Level 1.7 Dodging
 + Level 5.6 Invocations


You had 8 spell levels left.
You knew the following spells:

 Your Spells              Type           Power        Failure   Level  Hunger
a - Call Imp              Summ           #.......     100%        2    ###....


Dungeon Overview and Level Annotations

Branches:
Dungeon (11/15)            Temple (0/1) D:4            Lair (1/6) D:11
    Orc (0/2) D:11

Altars:
Ashenzari
Kikubaaqudgha
Makhleb
Sif Muna
Xom
Yredelemnul
Zin

Shops:
D:11 *

Annotations:
D:3 Sigmund
D:4 1 runed door
D:5 zkyp's ghost, novice TrWn
Lair:1 Harold


Innate Abilities, Weirdness & Mutations

You reflexively headbutt those who attack you in melee.
You have a pair of horns on your head.


Message History

You hear a mighty clap of thunder!
The bolt of lightning misses the komodo dragon.
The bolt of lightning hits the komodo dragon.
The komodo dragon is almost dead.
The bolt of lightning hits Harold.
Harold is almost dead.
Evoking this partially-identified wand wasted a few charges.
You feel sick. The komodo dragon bites you!
* * * LOW HITPOINT WARNING * * *
Harold hits you but does no damage.
Evoke which item? (* to show all) (? for menu, Esc to quit)
Zapping:
H - a wand of lightning {zapped: 12} (will waste charges)
Press: ? - help, Shift-Dir - straight line Nothing appears to happen.
The komodo dragon bites you!
* * * LOW HITPOINT WARNING * * *
Some of the chunks of flesh in your inventory have rotted away.
You feel better.
Harold mumbles some strange words.
Harold blinks!
The komodo dragon bites you!!
You die...

#..##
##.......#
#...# #.....^##
#..## ###...##
##.# ##### #.#
#.# #.# ##.#
#.@# #l##
#§#####
##.†)..###
##.##.....#
##..#.###.....
##...........P.
#.............#
#.............


You could see a komodo dragon.

Vanquished Creatures
  An unseen horror (D:10)
  3 hill giants (D:10)
  The ghost of dobroeutro the Cleaver, a novice MiBe of Trog (D:8)
  Maurice (D:9)
  A spiny frog (Lair:1)
  A gargoyle (D:10)
  2 trolls (D:11)
  2 hornets (D:10)
  4 hippogriffs
  A shadow (D:11)
  A vampire (D:10)
  5 yaks (D:11)
  A human (D:8)
  2 wyverns (D:10)
  2 steam dragons
  A hungry ghost (D:11)
  A porcupine (Lair:1)
  3 sky beasts
  6 orc warriors
  5 ice beasts
  A phantom (D:11)
  A hornet zombie (D:9)
  9 centaurs
  5 ogres
  A crocodile (Lair:1)
  3 wolves (D:11)
  A big kobold (D:11)
  7 bullfrogs
  A wyvern zombie (D:6)
  2 wyvern skeletons
  A howler monkey (D:10)
  5 wights (D:7)
  2 electric eels (D:11)
  7 crimson imps
  A quasit (D:11)
  A centaur zombie (D:5)
  7 hounds
  4 jellies
  11 orc wizards
  A bullfrog skeleton (D:11)
  A gnoll shaman (D:4)
  11 orc priests
  A centaur skeleton (D:9)
  2 iguanas
  7 worker ants
  A hound zombie (D:6)
  9 gnolls
  A howler monkey skeleton (D:11)
  6 adders
  2 shadow imps
  An adder zombie (D:6)
  3 adder skeletons
  2 worms
  3 dart slugs
  4 leopard geckos
  33 orcs
  8 bats
  6 giant cockroaches
  3 hobgoblins
  8 jackals
  14 kobolds
  2 quokkas
  6 frilled lizards
  2 gnoll zombies (D:8)
  10 goblins
  A jackal skeleton (D:8)
  A quokka skeleton (D:4)
  7 rats
270 creatures vanquished.

Vanquished Creatures (others)
  A hydra (D:11)
1 creature vanquished.

Grand Total: 271 creatures vanquished

Notes
Turn   | Place    | Note
-------+----------+-------------------------------------------
     0 | Abyss:1  | tsouns the Minotaur Abyssal Knight began the quest for the Orb.
     0 | Abyss:1  | Reached XP level 1. HP: 19/19 MP: 1/1
    13 | Abyss:1  | Noticed a large abomination
    14 | D:1      | Escaped the Abyss
   129 | D:1      | Reached * piety under Lugonu
   132 | D:1      | Reached XP level 2. HP: 17/27 MP: 2/2
   169 | D:1      | Reached skill level 3 in Axes
   649 | D:2      | Reached XP level 3. HP: 32/33 MP: 3/3
   928 | D:2      | Found an ancient bone altar of Kikubaaqudgha.
  1011 | D:2      | Reached ** piety under Lugonu
  1566 | D:3      | Reached XP level 4. HP: 41/41 MP: 4/4
  1596 | D:3      | Noticed an ogre
  1604 | D:3      | Killed an ogre
  1604 | D:3      | Reached skill level 5 in Fighting
  1604 | D:3      | Reached skill level 4 in Axes
  1604 | D:3      | Reached XP level 5. HP: 32/48 MP: 4/6
  1705 | D:3      | Noticed Sigmund
  1921 | D:4      | Found a staircase to the Ecumenical Temple.
  1940 | D:4      | Found a shattered altar of Ashenzari.
  2369 | D:4      | Reached skill level 5 in Axes
  2704 | D:4      | Reached XP level 6. HP: 55/57 MP: 7/7
  2753 | D:4      | Found a runed door.
  3013 | D:5      | Entered Level 5 of the Dungeon
  3040 | D:5      | Noticed zkyp's ghost (novice TrWn)
  3185 | D:5      | Noticed an ice beast
  3194 | D:5      | Killed an ice beast
  3257 | D:5      | Reached skill level 6 in Axes
  3293 | D:5      | Noticed an ice beast
  3297 | D:5      | Reached XP level 7. HP: 56/64 MP: 8/8
  3341 | D:5      | Reached *** piety under Lugonu
  3437 | D:5      | Found a glowing silver altar of Zin.
  3530 | D:5      | Reached skill level 7 in Axes
  3808 | D:6      | Reached XP level 8. HP: 53/73 MP: 9/9
  4032 | D:6      | Reached skill level 8 in Axes
  4086 | D:6      | Reached skill level 5 in Armour
  4697 | D:7      | Reached skill level 9 in Axes
  4841 | D:7      | Reached **** piety under Lugonu
  4978 | D:7      | Found a faded altar of an unknown god.
  4978 | D:7      | Found a faded altar of an unknown god.
  4983 | D:7      | Found a faded altar of an unknown god.
  4985 | D:7      | Found a faded altar of an unknown god.
  4987 | D:7      | Found a shimmering altar of Xom.
  5059 | D:7      | Learned a level 2 spell: Call Imp
  5377 | D:7      | Reached skill level 10 in Axes
  5377 | D:7      | Reached XP level 9. HP: 82/82 MP: 10/10
  5578 | D:8      | Noticed dobroeutro's ghost (novice MiBe)
  5824 | D:8      | Killed dobroeutro's ghost
  6277 | D:8      | Reached skill level 11 in Axes
  6632 | D:8      | Found a basalt altar of Yredelemnul.
  6699 | D:8      | Found a deep blue altar of Sif Muna.
  7367 | D:9      | Reached skill level 12 in Axes
  7481 | D:9      | Reached XP level 10. HP: 85/91 MP: 11/11
  7526 | D:9      | Noticed Maurice
  7540 | D:9      | Killed Maurice
  7603 | D:9      | Found a burning altar of Makhleb.
  7706 | D:10     | Entered Level 10 of the Dungeon
  7778 | D:10     | Noticed a hill giant
  7787 | D:10     | Killed a hill giant
  7787 | D:10     | Reached skill level 10 in Fighting
  7840 | D:10     | Noticed a hill giant
  7848 | D:10     | Killed a hill giant
  7848 | D:10     | Reached skill level 13 in Axes
  7851 | D:10     | Paralysed by a hornet for 3 turns
  8350 | D:10     | Noticed a hill giant
  8358 | D:10     | Killed a hill giant
  8652 | D:10     | Noticed a gargoyle
  8666 | D:10     | Killed a gargoyle
  8985 | D:10     | Reached ***** piety under Lugonu
  9008 | D:10     | Killed an unseen horror
  9008 | D:10     | Reached skill level 10 in Armour
  9008 | D:10     | Reached XP level 11. HP: 90/101 MP: 12/12
  9261 | D:10     | Reached skill level 14 in Axes
  9658 | D:11     | Found a staircase to the Lair.
 10416 | D:11     | Noticed a four-headed hydra
 10417 | D:11     | Found Saduphy's Changing Room.
 10427 | D:11     | Banished a four-headed hydra
 10630 | D:11     | Bought a potion of lignification for 36 gold pieces
 10630 | D:11     | Bought a potion of cure mutation for 300 gold pieces
 10871 | D:11     | Found a staircase to the Orcish Mines.
 11184 | D:11     | Reached skill level 5 in Invocations
 11191 | D:11     | Reached skill level 15 in Axes
 11332 | Lair:1   | Entered Level 1 of the Lair of Beasts
 11409 | Lair:1   | Noticed Harold
 11431 | Lair:1   | HP: 5/102 [komodo dragon (17)]
 11432 | Lair:1   | Mangled by a komodo dragon

Skill      XL: |  1  2  3  4  5  6  7  8  9 10 11 |
---------------+----------------------------------+-----
Fighting       | 4 5 6 7 8 9 10 11 | 11.3
Axes           | 3 4 5 6 7 10 12 13 15 | 15.2
Invocations    | 2 3 5 |  5.6
Armour         | 3 4 6 8 10 | 10.3
Dodging        | |  1.7

Action                   |  1- 3 |  4- 6 |  7- 9 | 10-12 || total
-------------------------+-------+-------+-------+-------++-------
Melee: Hand axe          |    98 |    48 |       |       ||   146
       Headbutt          |    15 |    19 |    66 |    75 ||   175
       War axe           |       |    69 |    54 |       ||   123
       Broad axe         |       |       |   275 |   188 ||   463
       Battleaxe         |       |       |       |   171 ||   171
Throw: Tomahawk          |       |     2 |     3 |     4 ||     9
Invok: Depart the Abyss  |     1 |       |       |       ||     1
       Banish            |       |       |       |     1 ||     1
Evoke: Wand              |       |       |       |    23 ||    23
  Use: Scroll            |       |       |    19 |     3 ||    22
       Potion            |       |       |     1 |     2 ||     3
  Eat: Chunk             |     2 |     6 |    10 |     9 ||    27
       Pizza             |       |       |     1 |     4 ||     5
       Royal jelly       |       |       |     1 |       ||     1
Armor: Leather armour    |    23 |     4 |       |       ||    27
       Plate armour      |       |    63 |   216 |   276 ||   555
Dodge: Dodged            |    50 |    43 |    70 |    77 ||   240
